 Dungeon Crawl Stone Soup version 0.18-a0-971-g0af6217 (webtiles) character file.

72 4thArraOfDagon the Gusty (level 4, -1/33 HPs)
             Began as a Centaur Air Elementalist on Jan 2, 2016.
             Slain by an iguana (9 damage)
             ... on level 4 of the Dungeon.
             The game lasted 00:04:38 (431 turns).

4thArraOfDagon the Gusty (Centaur Air Elementalist)  Turns: 431, Time: 00:04:38

Health: -1/33      AC:  4    Str: 10    XL:     4   Next: 7%
Magic:  2/7        EV:  9    Int: 15    God:
Gold:   18         SH:  0    Dex: 10    Spells: 2 memorised, 4 levels left

rFire  . . .     SeeInvis .     h - +2 whip (vamp)
rCold  . . .     Gourm    .     a - +0 robe
rNeg   . . .     Faith    .     (no shield)
rPois  .         Spirit   .     (no helmet)
rElec  .         Dismiss  .     (no cloak)
rCorr  .         Reflect  .     (no gloves)
SustAt .         Harm     .     (no barding)
MR     .....                    (no amulet)
Stlth  +.........               (no ring)
                                (no ring)

@: very slightly contaminated, repel missiles, very quick, not resistant to
hostile enchantments, very unstealthy
A: hooves 3, deformed body, speed 2, tough skin 3
a: no special abilities


You were on level 4 of the Dungeon.
You were not hungry.

You visited 1 branch of the dungeon, and saw 5 of its levels.

You collected 70 gold pieces.
You spent 52 gold pieces at shops.

Inventory:

Hand Weapons
 g - a +0 dagger
 h - a +2 vampiric whip (weapon)
Missiles
 k - 2 tomahawks (quivered)
Armour
 a - a +0 robe (worn)
Wands
 n - a wand of digging (18/24)
Scrolls
 c - a scroll of identify {unknown}
 e - a scroll of teleportation {unknown}
Potions
 d - a potion of flight {unknown}
 f - 2 potions of heal wounds {unknown}
 l - a potion of agility {unknown}
 m - a potion of might {unknown}
Books
 b - a book of Air

   Spells                             Type                      Level
   a - Shock                          Conjuration/Air              1
   b - Swiftness                      Charms/Air                   2
   c - Repel Missiles                 Charms/Air                   2
   d - Static Discharge               Conjuration/Air              3
   e - Lightning Bolt                 Conjuration/Air              5
 i - a book of Beasts

   Spells                             Type                      Level
   a - Summon Butterflies             Summoning                    1
   b - Call Canine Familiar           Summoning                    3
   c - Summon Ice Beast               Ice/Summoning                4
   d - Summon Mana Viper              Hexes/Summoning              5
   e - Summon Hydra                   Summoning                    7
Comestibles
 j - a bread ration


   Skills:
 * Level 0.0 Maces & Flails
 - Level 1.3 Dodging
 - Level 1.2 Stealth
 - Level 2.0 Spellcasting
 - Level 2.2 Conjurations
 - Level 3.5 Air Magic


You had 4 spell levels left.
You knew the following spells:

 Your Spells              Type           Power        Failure   Level  Hunger
a - Shock                 Conj/Air       ##..         10%         1    #......
b - Repel Missiles        Chrm/Air       #.....       17%         2    ###....


Dungeon Overview and Level Annotations

Branches:
Dungeon (5/15)
 Temple: D:4-7

Altars:

Shops:
D:4 *


Innate Abilities, Weirdness & Mutations

You have hooves in place of feet.
Armour fits poorly on your strangely shaped body.
You cover ground very quickly.
You have extremely tough skin (AC +3).


Message History

Press: ? - help, Shift-Dir - straight line, p - iguana You miscast Shock.
You are very lightly contaminated with residual magic.
Your hair stands on end.
Casting: Shock
Confirm with . or Enter, or press ? or * to list all spells.
Aiming: Shock
Press: ? - help, Shift-Dir - straight line The zap misses the iguana.
The zap hits the iguana.
The iguana is moderately wounded.
Casting: Shock
Confirm with . or Enter, or press ? or * to list all spells.
Aiming: Shock
Press: ? - help, Shift-Dir - straight line The zap hits the iguana.
The iguana is heavily wounded.
The zap hits the iguana.
The iguana is heavily wounded.
The iguana bites you!
You die...

............)..........#* *,*
##..##########.........# *,*
###.## ##........# *,* ##⌠.⌠#
##..>...### *,*
...∩.###########........#*** *,,
#.⌠.⌠............#...##....*****,
###########.)....#.#.#**##.,,***,
#......l...# ***,,**, **
#.....@##.## **,,,, ,*****
#...<..##.# ***** ,,,,,*
#......##.# ,,,,,* #......##.####
,,,,,* #####)...>...# ,,,,,*
#........# ,,,,,* #........#
,,,,,* #.>......# ******
#........#


You could see an iguana.

Vanquished Creatures
  A giant frog skeleton (D:4)
  2 gnolls (D:4)
  2 adders (D:4)
  2 orcs (D:4)
  2 quokkas (D:4)
9 creatures vanquished.

Notes
Turn   | Place    | Note
--------------------------------------------------------------
     0 | D:1      | 4thArraOfDagon the Centaur Air Elementalist began the quest for the Orb.
     0 | D:1      | Reached XP level 1. HP: 14/14 MP: 3/3
     0 | D:1      | wHY
    33 | D:2      | You fall through a shaft for 2 floors!
   141 | D:4      | Reached skill level 1 in Conjurations
   141 | D:4      | Reached XP level 2. HP: 20/20 MP: 0/4
   154 | D:4      | Reached skill level 3 in Air Magic
   175 | D:4      | Learned a level 2 spell: Repel Missiles
   216 | D:4      | Found Userch's Assorted Antiques.
   221 | D:4      | Bought a sapphire potion for 26 gold pieces
   221 | D:4      | Bought an inky potion for 26 gold pieces
   255 | D:5      | Entered Level 5 of the Dungeon
   257 | D:5      | ofc
   258 | D:5      | Noticed an ice beast
   324 | D:4      | Reached XP level 3. HP: 15/26 MP: 0/5
   371 | D:4      | Reached XP level 4. HP: 24/33 MP: 3/7
   431 | D:4      | Slain by an iguana

Vault maps used:
D:1:      erik_arrival_orb_chamber, corexii_leaking_fountain, xom_teletrap_fun
D:2:      wad_floor_pattern_untrapped, uniq_iyjb, uniq_sigmund
D:3:      lemuel_upstairs_altar, nicolae_ru_great_annihilating_truth
D:4:      serial_shops, shop_fountains, first_bread
D:5:      nicolae_overflow_crystal_walls, vehumet_statue,
          overflow_temple_1_default, gammafunk_temple_overflow_wave,
          cheibrodos_gnoll_hut, uniq_prince_ribbit1

Action                   |  1- 3 |  4- 6 || total
-------------------------+-------+-------++-------
Melee: Dagger            |     3 |       ||     3
       Whip              |    18 |     3 ||    21
 Cast: Shock             |    13 |     5 ||    18
       Repel Missiles    |     1 |       ||     1
  Use: Scroll            |     2 |       ||     2
  Eat: Bread ration      |     1 |       ||     1
